Map: Catalyst LE

Players

Infamous - Winner!

  • Race: Protoss Protoss
  • League: Silver
  • Spawn Location: 11:00

ROPRO

  • Race: Protoss Protoss
  • League: Gold
  • Spawn Location: 5:00

VOD

Have the link to the VOD?

Description

Time

  • Played on: April 10, 2018, 2:35 p.m.
  • Length: 17:34
Show
View Real Time Build Order
Export as new Build Order

Infamous Protoss - Winner!

Build Orders:  

Get SALT Encoding   

  12  0:01  Probe  
  13  0:13  Pylon  
  13  0:18  Probe (Chrono Boost)  
  14  0:29  Probe (Chrono Boost)  
  15  0:36  Gateway  
  15  0:46  Probe  
  16  0:57  Assimilator  
  16  0:58  Probe  
  17  1:12  Gateway  
  17  1:24  Cybernetics Core  
  17  1:34  Probe  
  17  1:37  Assimilator  
  18  1:46  Probe  
  19  1:58  Probe  
  22  2:06  Stalker (Chrono Boost)  
  22  2:08  Pylon  
  22  2:10  Probe, Warp Gate (Chrono Boost)  
  23  2:24  Stalker (Chrono Boost)  
  25  2:39  Pylon  
  25  2:47  Stargate  
  25  2:52  Probe  
  26  3:03  Sentry (Chrono Boost)  
  28  3:11  Nexus  
  28  3:13  Probe  
  28  3:17  Sentry (Chrono Boost)  
  31  3:27  Probe  
  31  3:29  Shield Battery  
  32  3:47  Void Ray (Chrono Boost)  
  36  3:49  Probe  
  37  4:01  Probe  
  38  4:08  Pylon  
  39  4:17  Probe  
  39  4:28  Pylon, Gateway  
  39  4:41  Probe  
  39  4:44  Robotics Facility  
  40  4:46  Stalker  
  42  4:53  Probe  
  43  5:02  Void Ray (Chrono Boost)  
  48  5:08  Probe x2 (Chrono Boost)  
  49  5:24  Stalker x2  
  49  5:25  Stalker  
  55  5:38  Immortal (Chrono Boost)  
  55  5:39  Forge  
  59  6:00  Stalker x3  
  65  6:13  Gateway  
  65  6:14  Protoss Ground Weapons Level 1  
  65  6:16  Probe (Chrono Boost)  
  67  6:19  Probe (Chrono Boost)  
  67  6:22  Assimilator  
  67  6:25  Assimilator  
  67  6:28  Probe (Chrono Boost)  
  68  7:05  Nexus  
  68  7:07  Pylon  
  68  7:11  Stalker  
  69  7:22  Probe  
  69  7:23  Probe  
  69  7:25  Void Ray (Chrono Boost)  
  69  7:26  Pylon  
  74  7:31  Pylon  
  74  7:34  Pylon  
  74  7:35  Pylon  
  74  7:39  Shield Battery  
  74  7:42  Pylon  
  74  7:52  Stargate  
  74  7:59  Void Ray (Chrono Boost)  
  72  8:19  Stalker x3  
  72  8:28  Probe x3  
  71  8:40  Probe x2  
  57  9:01  Void Ray (Chrono Boost)  
  61  9:04  Stalker x2  
  65  9:13  Assimilator  
  65  9:15  Assimilator  
  65  9:20  Photon Cannon  
  65  9:22  Photon Cannon  
  65  9:24  Photon Cannon  
  65  9:25  Photon Cannon x2  
  65  9:27  Photon Cannon  
  65  9:28  Photon Cannon  
  65  9:31  Immortal  
  69  9:40  Sentry x2  
  69  9:41  Sentry  
  69  9:43  Zealot  
  77  9:50  Probe x3  
  80  9:54  Protoss Ground Armor Level 1 (Chrono Boost)  
  79  10:02  Probe  
  79  10:04  Stalker x2  
  79  10:06  Sentry  
  86  10:19  Void Ray  
  86  10:21  Gateway  
  90  10:30  Stalker x2  
  94  10:41  Pylon  
  94  10:45  Pylon  
  94  10:48  Stalker x2  
  96  11:09  Stalker  
  96  11:10  Stalker  
  80  11:33  Stalker x3  
  82  11:46  Void Ray (Chrono Boost)  
  82  11:47  Twilight Council  
  86  11:55  Probe x3, Void Ray (Chrono Boost)  
  93  12:07  Probe  
  94  12:09  Probe x2  
  96  12:16  Shield Battery  
  96  12:19  Probe, Photon Cannon  
  96  12:21  Probe x2, Photon Cannon  
  96  12:22  Stalker x2  
  103  12:28  Immortal  
  107  12:31  Probe  
  107  12:32  Blink (Chrono Boost)  
  108  12:44  Sentry x3  
  112  12:48  Protoss Ground Weapons Level 2 (Chrono Boost)  
  114  12:52  Void Ray x2 (Chrono Boost)  
  118  13:43  Stalker  
  118  13:44  Stalker x4  
  118  13:45  Void Ray (Chrono Boost)  
  118  13:46  Void Ray (Chrono Boost), Observer  
  137  14:07  Stalker  
  137  14:08  Stalker  
  139  14:24  Void Ray (Chrono Boost)  
  139  14:25  Void Ray (Chrono Boost)  
  131  14:34  Stalker x4  
  131  14:35  Stalker  
  141  14:50  Gateway  
  141  14:55  Templar Archives  
  141  14:56  Protoss Air Weapons Level 1 (Chrono Boost)  
  141  15:18  Nexus  
  141  15:19  Pylon  
  141  15:21  Pylon  
  141  15:24  Pylon  
  141  15:26  Pylon  
  141  15:37  Void Ray (Chrono Boost)  
  141  15:39  Immortal, Void Ray (Chrono Boost)  
  151  15:55  Probe x3  
  134  16:19  Photon Cannon  
  134  16:22  Photon Cannon  
  128  16:27  Photon Cannon  
  128  16:29  Photon Cannon  
  124  16:35  Photon Cannon  
  124  16:40  Probe x3  
  124  16:42  Fleet Beacon  
  126  16:57  Stargate  
  126  16:58  Stargate  
  127  17:01  Probe x3  
  127  17:03  Probe  
  130  17:13  Probe  
  131  17:26  Pylon  
  141  17:30  Pylon  
Show
View Real Time Build Order
Export as new Build Order

ROPRO Protoss 

Build Orders:  

Get SALT Encoding   

  12  0:06  Probe  
  13  0:18  Probe  
  14  0:25  Pylon  
  14  0:30  Probe  
  15  0:43  Probe  
  16  0:50  Gateway  
  16  0:55  Forge  
  16  0:57  Probe  
  17  1:06  Assimilator  
  17  1:10  Probe  
  18  1:22  Probe (Chrono Boost)  
  19  1:26  Pylon  
  19  1:27  Assimilator  
  19  1:34  Probe (Chrono Boost)  
  19  1:38  Photon Cannon  
  20  1:41  Probe (Chrono Boost)  
  21  1:53  Photon Cannon  
  21  1:57  Probe (Chrono Boost)  
  22  2:08  Probe (Chrono Boost)  
  23  2:09  Cybernetics Core  
  23  2:13  Probe (Chrono Boost)  
  24  2:23  Probe  
  24  2:38  Probe (Chrono Boost)  
  25  2:46  Pylon  
  25  2:48  Probe (Chrono Boost)  
  26  2:55  Probe, Nexus  
  27  3:07  Stargate  
  27  3:17  Stargate  
  27  3:23  Pylon  
  27  3:25  Probe (Chrono Boost)  
  29  3:35  Probe (Chrono Boost)  
  29  3:37  Photon Cannon  
  29  3:47  Photon Cannon  
  29  3:59  Assimilator  
  29  4:01  Probe (Chrono Boost), Assimilator  
  30  4:12  Probe (Chrono Boost)  
  30  4:16  Void Ray  
  35  4:26  Void Ray  
  39  4:35  Probe (Chrono Boost)  
  39  4:36  Probe (Chrono Boost)  
  43  4:46  Probe (Chrono Boost)  
  43  4:47  Probe (Chrono Boost)  
  43  4:50  Fleet Beacon  
  43  4:57  Robotics Facility  
  43  5:03  Pylon  
  43  5:09  Probe (Chrono Boost)  
  43  5:12  Probe (Chrono Boost)  
  45  5:18  Probe (Chrono Boost), Void Ray  
  51  5:21  Probe (Chrono Boost)  
  51  5:42  Probe (Chrono Boost)  
  52  5:47  Observer  
  54  5:50  Probe (Chrono Boost)  
  54  5:51  Probe (Chrono Boost)  
  54  5:56  Probe (Chrono Boost)  
  56  6:02  Carrier  
  62  6:08  Observer  
  63  6:20  Pylon  
  63  6:22  Probe (Chrono Boost), Pylon  
  63  6:24  Pylon  
  63  6:25  Pylon  
  65  6:27  Probe (Chrono Boost), Nexus  
  65  6:30  Assimilator  
  65  6:32  Probe (Chrono Boost)  
  66  6:34  Assimilator  
  66  6:35  Probe (Chrono Boost)  
  66  6:38  Carrier  
  73  6:45  Pylon  
  73  6:47  Pylon  
  73  6:48  Pylon  
  73  7:28  Tempest  
  79  7:41  Pylon  
  79  7:49  Stargate  
  79  7:51  Graviton Catapult, Stargate  
  79  8:00  Cybernetics Core, Twilight Council  
  79  8:04  Tempest  
  81  8:26  Photon Cannon x2  
  81  8:28  Photon Cannon x2  
  81  8:29  Photon Cannon  
  81  8:30  Photon Cannon  
  81  8:36  Pylon  
  67  9:04  Carrier  
  67  9:05  Carrier  
  67  9:07  Tempest  
  67  9:08  Pylon  
  85  9:10  Pylon  
  85  9:21  Pylon  
  85  9:22  Pylon  
  85  9:35  Photon Cannon x2  
  85  9:36  Photon Cannon  
  85  9:38  Photon Cannon  
  85  9:40  Photon Cannon  
  85  9:42  Photon Cannon  
  85  9:45  Photon Cannon  
  85  9:48  Tempest  
  91  10:12  Photon Cannon  
  91  10:14  Photon Cannon  
  91  10:16  Photon Cannon  
  91  10:19  Probe (Chrono Boost)  
  92  10:21  Assimilator  
  92  10:26  Probe (Chrono Boost), Assimilator  
  94  10:29  Probe (Chrono Boost)  
  94  10:34  Probe (Chrono Boost)  
  95  10:39  Nexus  
  95  10:50  Probe (Chrono Boost)  
  95  10:55  Probe (Chrono Boost)  
  97  11:01  Probe (Chrono Boost)  
  97  11:03  Probe (Chrono Boost)  
  89  11:47  Nexus  
  89  11:50  Assimilator  
  89  11:53  Pylon  
  89  11:55  Pylon  
  89  11:56  Pylon  
  89  11:57  Probe (Chrono Boost)  
  89  11:59  Carrier  
  89  12:00  Carrier  
  102  12:06  Probe (Chrono Boost)  
  103  12:11  Probe (Chrono Boost)  
  103  12:14  Tempest  
  110  12:24  Photon Cannon  
  110  12:29  Photon Cannon  
  110  12:36  Photon Cannon  
  110  13:14  Carrier x2  
  102  13:48  Tempest  
  102  13:49  Tempest  
  114  14:09  Protoss Air Weapons Level 1  
  114  14:12  Protoss Air Armor Level 1  
  114  14:15  Protoss Shields Level 1  
  114  14:40  Pylon  
  114  14:43  Pylon  
  113  14:49  Pylon  
  113  14:50  Pylon  
  113  14:55  Assimilator  
  113  14:58  Carrier  
  119  15:00  Assimilator  
  119  15:12  Nexus  
  119  15:14  Probe (Chrono Boost)  
  120  15:24  Probe (Chrono Boost)  
  121  15:52  Photon Cannon  
  121  15:53  Photon Cannon  
  121  15:55  Photon Cannon  
  91  16:57  Nexus  
  91  17:06  Pylon  
  91  17:07  Pylon  
  91  17:09  Nexus  
  91  17:10  Assimilator  
  91  17:11  Assimilator  
Tags
 
Matchup
PvP
Replay Pack
Last Remnant (2)
Spawn Locations
Cross Positions
Add a new tag
Caveats
  • Supply blocks, unpowered buildings, or Contaminate may cause inaccurate times.
  • Supply counts are checked every 10 seconds.